 Dungeon Crawl Stone Soup version 0.29.1-15-g9cfb28693d (webtiles) character file.

Game seed: 5390958203245406466

53 raph the Firebug (level 3, -1/19 HPs)
             Began as a Deep Elf Fire Elementalist on Feb 28, 2023.
             Slain by Terence
             ... wielding a +0 mace
              (7 damage)
             ... on level 2 of the Dungeon.
             The game lasted 00:01:56 (1466 turns).

raph the Firebug (Deep Elf Fire Elementalist)       Turns: 1466, Time: 00:01:56

Health: -1/19      AC:  3    Str:  5    XL:     3   Next: 62%
Magic:  2/9        EV: 12    Int: 27    God:
Gold:   89         SH:  0    Dex: 15    Spells: 2/8 levels left

rFire   . . .      SeeInvis .   l - +0 long sword
rCold   . . .      Faith    .   (no shield)
rNeg    . . .      Spirit   .   a - +0 robe
rPois   .          Reflect  .   (no helmet)
rElec   .          Harm     .   (no cloak)
rCorr   .          Rampage  .   o - +0 pair of gloves
Will    .....                   (no boots)
Stlth   ++........              (no amulet)
HPRegen 0.06/turn               p - +6 ring of intelligence
MPRegen 0.11/turn               (no ring)

@: no status effects
A: no striking features
a: no special abilities


You were on level 2 of the Dungeon.
You visited 1 branch of the dungeon, and saw 2 of its levels.

You collected 89 gold pieces.

Inventory:

Hand Weapons
 f - a +0 dagger
 l - a +0 long sword (weapon)
Armour
 a - a +0 robe (worn)
 o - a +0 pair of gloves (worn)
Jewellery
 p - a +6 ring of intelligence (left hand)
Wands
 m - a wand of digging (6)
Scrolls
 g - 3 scrolls of identify {unknown}
 i - a scroll of enchant weapon {unknown}
 k - 4 scrolls of teleportation {unknown}
Potions
 b - a potion of magic
 c - 2 potions of flight {unknown}
 d - 2 potions of haste {unknown}
 e - a potion of heal wounds {unknown}
 h - 2 potions of might {unknown}
 j - a potion of brilliance {unknown}
 n - a potion of mutation {unknown}


   Skills:
 - Level 2.4 Dodging
 - Level 2.4 Stealth
 - Level 3.0 Spellcasting
 + Level 2.8 Conjurations
 + Level 4.3 Fire Magic


You had 2 spell levels left.
You knew the following spells:

 Your Spells              Type           Power      Damage    Failure   Level
a - Foxfire               Conj/Fire      92%        2x1d8     1%          1
b - Scorch                Fire           54%        2d7       2%          2
c - Inner Flame           Hex/Fire       15%        N/A       11%         3

Your spell library contained the following spells:

 Spells                   Type           Power      Damage    Failure   Level
 Conjure Flame            Conj/Fire      23%        6-21      6%          3
 Flame Wave               Conj/Fire      23%        2d8       21%         4


Dungeon Overview and Level Annotations

Branches:
Dungeon (2/15)

Altars:

Annotations:
D:2 Terence


Message History

There is a stone staircase leading down here.
Found a stone staircase leading up.
p - a +6 ring of intelligence You feel clever.
p - a +6 ring of intelligence (left hand)
There is a stone staircase leading up here.
Found 7 stones and a whip.
Found an escape hatch in the ceiling.
You now have 89 gold pieces (gained 11).
You see here 7 stones.
You see here a +0 whip.
Terence and a goblin come into view.
Casting: Foxfire (safe; 1% risk of failure)
Confirm with . or Enter, or press ? or * to list all spells.
Aiming: Inner Flame (extremely dangerous; 11% risk of failure)
Press: ? - help, Dir - move target, f - goblin
Aim: a goblin, wielding a +0 dagger (asleep, chance to affect: 83%)
The goblin shouts!
The goblin barely resists.
Terence shouts!
Casting: Inner Flame (extremely dangerous; 11% risk of failure)
Confirm with . or Enter, or press ? or * to list all spells.
Aiming: Inner Flame (extremely dangerous; 11% risk of failure)
Press: ? - help, Dir - move target, f/p - goblin
Aim: a goblin, wielding a +0 dagger (chance to affect: 83%)
The goblin barely resists.
You see here a +0 whip.
Terence attacks as you move away! Terence closely misses you.
Terence attacks as you move away! Terence hits you with a +0 mace!
Terence attacks as you move away! Terence misses you.
Casting: Inner Flame (extremely dangerous; 11% risk of failure)
Confirm with . or Enter, or press ? or * to list all spells.
You conjure some foxfire!
Terence hits you with a +0 mace.
The foxfire hits Terence.
Terence is moderately wounded.
The foxfire hits Terence.
Terence is heavily wounded.
Casting: Foxfire (safe; 1% risk of failure)
Confirm with . or Enter, or press ? or * to list all spells.
You conjure some foxfire!
Terence hits you with a +0 mace!
You die...

........## ###................
.........# #.#...........##.
....g....# #.#........##....
########.# #................ #.#
#..รท....#......## #)#
#......##....#.# #.###
####.....##.......#
#...###...........#..#..##
##.....g@@v.....###.......
##(##.....v....<....##....
######..##.#.........######....
##..........##........## #....
#..#####.#####.........#####....
#........## #.............).....
#.###.....###...........>##.....
### #..<..##.............###....
#........#...........# #....


You could see Terence (ally target) and a goblin.

Vanquished Creatures
  An adder (D:2)
  A gnoll (D:1)
  A dart slug (D:2)
  5 ball pythons
  2 bats (D:2)
  2 endoplasms (D:2)
  A giant cockroach (D:1)
  3 goblins
  4 hobgoblins
  6 kobolds
  A frilled lizard (D:2)
  4 rats
31 creatures vanquished.

Vanquished Creatures (others)
  101 foxfires
101 creatures vanquished.

Grand Total: 132 creatures vanquished

Notes
Turn   | Place    | Note
-------+----------+-------------------------------------------
     0 | D:1      | raph the Deep Elf Fire Elementalist began the quest for the
                  | Orb.
     0 | D:1      | Reached XP level 1. HP: 10/10 MP: 6/6
   402 | D:1      | Reached XP level 2. HP: 15/15 MP: 5/8
   530 | D:1      | Learned a level 2 spell: Scorch
   954 | D:2      | Reached skill level 4 in Fire Magic
  1007 | D:2      | Reached XP level 3. HP: 15/19 MP: 6/9
  1095 | D:2      | Learned a level 3 spell: Inner Flame
  1281 | D:2      | Found a faded altar of an unknown god.
  1448 | D:2      | Noticed Terence
  1466 | D:2      | Slain by Terence

Illustrated notes

Levels and vault maps discovered:
D:1:      dpeg_arrival_simpleton_c, layout_basic
D:2:      layout_rooms, nicolae_ecumenical_snake_handling, uniq_terence

Skill      XL: |  1  2 |
---------------+-------+-----
Conjurations   | 2 |  2.8
Fire Magic     | 4 |  4.3
Dodging        | |  2.4
Stealth        | |  2.4
Spellcasting   | |  3.0

Action                   || total
-------------------------++-------
Melee: Unarmed           ||     3
       Dagger            ||     1
       Long sword        ||     1
 Cast: Foxfire           ||    63
       Scorch            ||     1
       Inner Flame       ||     2
Armor: Robe              ||     1
Dodge: Dodged            ||    13
